Unix NetHack Version 5.0.0-0 post-release - last build May 17 2026 04:57:42 (dc50c8380fa5e20985bfe3072449f57b8d9895ef,branch:main).

Game began 2026-05-20 21:05:35, ended 2026-05-20 21:15:08.

DaveT, lawful male human Priest

                                                ---
                                             ----.--         -             --
                                           ---......    -----.             .-
                                            ........---  .|.|.--           .
                                             .........   ......|       ---.|
           --                                .... ....    .....       --...
            .                                 ...--...    ....       --.^--
            .                                 -..| ...     ..       --....----
           -.      --                         |..| -.--  --.-       |......|.--
     |     |.|     |.                         |..---..----.<|       |.........|
     |. -  |.|     |.                         |`.*....*....--       --.......--
      -..---.|     |.-                        |.....(....---         ---.|..-|
       -....q---   |.|                        |.....%....---        ----.|-..--
       |....@..|  --.|                        --..%....|...--       |....|--..|
      --.......----..|                       -........----..|       |.---- ----
      |.........||..--                     .........---  --.|   -----.|
      --....---.--.--                  -..........---     |.-----.....|
      |....-  |.G..|                   --........--       |.......-----
      --.--   |...--                    ---.|.|.--        ----..`--
       --     -----                       ------             ----
DaveT the Acolyte            St:14 Dx:13 Co:12 In:11 Wi:18 Ch:8  Lawful
Dlvl:5  $:275 HP:0(47) Pw:58(58) AC:7  Xp:5 T:1845 

Latest messages:
 You kill the gnome!
 You try to feel what is lying here on the floor.
 There are several objects here.
 O - 9 darts.
 A hobbit suddenly appears!
 You can see again.
 You materialize in a different location!
 The iguana bites!
 The iguana bites!
 You miss the iguana.
 You hit the iguana!
 You miss the iguana.
 The iguana bites!
 You miss the iguana.
 The iguana bites!
 You miss the iguana.
 The iguana bites!
 You miss the iguana.
 The iguana misses!
 You miss the iguana.
 The iguana bites!
 You miss the iguana.
 You miss the iguana.
 You hit the iguana.
 The iguana turns to flee.
 You kill the iguana!
 The gnome misses!
 You kill the gnome!
 You see here a scroll labeled PRATYAVAYAH.
 P - a scroll labeled PRATYAVAYAH.
 You hit the rothe!
 You hit the rothe.
 The rothe hits!
 The rothe bites!
 The rothe bites again!
 You miss the rothe.
 The rothe hits!
 The rothe bites!
 The rothe bites again!
 You miss the rothe.
 The rothe hits!
 The rothe bites!
 The rothe bites again!
 You hit the rothe.
 The rothe hits!
 The rothe bites!
 The rothe bites again!
 You die...
 Do you want your possessions identified? [ynq] (y) y
 Do you want to see your attributes? [ynq] (y) q

Inventory:
 Coins    ('$')
  $ - 275 gold pieces
 Weapons  (')')
  B - 7 +0 arrows
  q - 10 +0 elven arrows
  L - 11 +0 darts
  O - 9 +0 darts
  k - 7 +0 shuriken
  s - a +0 orcish dagger
  n - a cursed -1 spear
  a - a blessed corroded +1 mace (weapon in right hand)
  A - a +0 war hammer
 Armor    ('[')
  c - a blessed +0 small shield (being worn)
  J - a +0 mummy wrapping
  b - a +0 robe (being worn)
 Comestibles  ('%')
  r - a cursed carrot
  e - 2 cloves of garlic
  x - 4 food rations
  f - a sprig of wolfsbane
  M - a tin of stir fried fox meat
 Scrolls  ('?')
  y - a scroll of confuse monster
  G - a scroll of gold detection
  i - a scroll of identify
  P - a scroll of magic mapping
  I - a scroll of remove curse
 Potions  ('!')
  p - a cursed potion of confusion
  o - a cursed potion of oil
  d - 4 potions of holy water
 Rings    ('=')
  C - a ring of invisibility
 Wands    ('/')
  D - a wand of digging (0:3)
  N - a wand of lightning (0:4)
  F - a wand of sleep (0:4)
 Tools    ('(')
  m - a blindfold
  E - a credit card
 Gems/Stones  ('*')
  H - a jet stone
  l - 2 worthless pieces of blue glass
  v - a cursed worthless piece of white glass

DaveT the Priest's attributes:

Background:
 You were an Acolyte, a level 5 human Priest.
 You were lawful, on a mission for Quetzalcoatl
 who was opposed by Camaxtli (neutral) and Huhetotl (chaotic).
 You were right-handed.
 You were in the Gnomish Mines, on level 5.
 You entered the dungeon 1845 turns ago.
 You had 183 experience points, 137 more were needed to attain level 6.

Basics:
 You had 0 out of 47 hit points.
 You had all 58 energy points (spell power).
 Your armor class was 7.
 Your wallet contained 275 zorkmids.
 Autopickup was off.

Final Characteristics:
 Your strength was 14 (limit:18/100).
 Your dexterity was 13 (limit:18).
 Your constitution was 12 (limit:18).
 Your intelligence was 11 (limit:18).
 Your wisdom was 18 (limit:18).
 Your charisma was 8 (limit:18).

Final Status:
 You weren't hungry.
 You were unencumbered.
 You were wielding a mace.
 You had basic skill with mace.

Final Attributes:
 You were devoutly aligned.
 You were telepathic.
 You were guarded.
 Your spell casting was enhanced by wearing a robe.
 You are dead.

Miscellaneous:
 You didn't encounter any bones levels.
 Total elapsed playing time was 9 minutes and 33 seconds.

Major events:
 Turn
    1: DaveT the lawful human Priest entered the dungeon
  946: attained the rank of Acolyte (level 3)
 1619: entered the Gnomish Mines
 1845: killed by a rothe

Spells:
 Name                 Level Category     Fail Retention
 light                  1   clerical       0%  91%-100%
 cure sickness          3   healing       70%  76%-100%

Skills:
 Fighting Skills
   bare handed combat [Unskilled]
 Weapon Skills
   club               [Unskilled]
   mace               [Basic]
   morning star       [Unskilled]
   flail              [Unskilled]
   hammer             [Unskilled]
   quarterstaff       [Unskilled]
   polearms           [Unskilled]
   spear              [Unskilled]
   trident            [Unskilled]
   lance              [Unskilled]
   bow                [Unskilled]
   sling              [Unskilled]
   crossbow           [Unskilled]
   dart               [Unskilled]
   shuriken           [Unskilled]
   boomerang          [Unskilled]
   unicorn horn       [Unskilled]
 Spellcasting Skills
   healing spells     [Unskilled]
   divination spells  [Unskilled]
   clerical spells    [Basic]

Voluntary challenges:
 Character rerolling was not enabled.
 You never genocided any monsters.
 You never polymorphed an object.
 You never changed form.
 You used no wishes.
Achievements:
 You entered a shop.
 You attained the rank of Acolyte.
 You entered the Gnomish Mines.

 The Dungeons of Doom: levels 1 to 5
    Level 1:
    Level 2: "vault"
       A general store.
    Level 3:
       A general store, a fountain.
    Level 4:
       Stairs down to The Gnomish Mines.
    Level 5:
 The Gnomish Mines:
    Level 5: <- You were here.
       Final resting place for
          you, killed by a rothe.


Vanquished creatures:
  a small mimic
  2 ponies
  a kobold mummy
  a floating eye
  a werejackal
 an iguana
 an acid blob
  3 giant rats
  a cave spider
  6 gnomes
  2 geckos
  6 jackals
  2 kobolds
  a goblin
  a sewer rat
  a grid bug
  2 lichens
  a kobold zombie
  2 newts
36 creatures vanquished.

No species were genocided or became extinct.

Game over:
                       ----------
                      /          \
                     /    REST    \
                    /      IN      \
                   /     PEACE      \
                  /                  \
                  |      DaveT       |
                  |      275 Au      |
                  |   killed by a    |
                  |      rothe       |
                  |                  |
                  |                  |
                  |       2026       |
                 *|     *  *  *      | *
        _________)/\\_//(\/(/\)/\//\/|_)_______

Goodbye DaveT the Priest...

You died in The Gnomish Mines on dungeon level 5 with 1240 points,
and 275 pieces of gold, after 1845 moves.
You were level 5 with a maximum of 47 hit points when you died.

